 Dungeon Crawl Stone Soup version 0.31.0-4-g52a2dc7128 (webtiles) character file.

Game seed: 2712944600551692122

5281 zazu2006 the Fighter (level 10, -1/82 HPs)
             Began as a Gnoll Wanderer on Jan 21, 2024.
             Was a Believer of Vehumet.
             Slain by a wyvern (5 damage)
             ... on level 8 of the Dungeon.
             The game lasted 00:22:44 (9613 turns).

zazu2006 the Fighter (Gnoll Wanderer)               Turns: 9613, Time: 00:22:45

Health: -1/82      AC:  7    Str: 14    XL:     10   Next: 63%
Magic:  0/19       EV: 10    Int: 15    God:    Vehumet [**....]
Gold:   335        SH:  0    Dex: 10    Spells: 19/21 levels left

rFire   . . .        o - +2 dagger (venom)
rCold   . . .        (no shield)
rNeg    . . .        b - +0 scale mail
rPois   .            (no helmet)
rElec   .            (no cloak)
rCorr   .            (no gloves)
SInv    +            (no boots)
Will    .....        r - amulet of guardian spirit
Stlth   +            j - ring of wizardry
HPRegen 0.33/turn    a - ring of see invisible
MPRegen 0.16/turn

%: guardian spirit, wizardry (x1)
@: mighty, invisible
A: fangs 1, strong nose, distributed training, talons 1, sense surroundings 1
a: Renounce Religion


You were on level 8 of the Dungeon.
You worshipped Vehumet.
Vehumet was pleased with you.
You visited 2 branches of the dungeon, and saw 9 of its levels.

You collected 335 gold pieces.

Inventory:

Hand Weapons
 i - a +2 dagger of holy wrath
 o - a +2 dagger of venom (weapon)
 x - a +3 shortbow of flaming
Missiles
 l - a curare-tipped dart
 t - 25 poisoned darts
Armour
 b - a +0 scale mail (worn)
 e - a +0 buckler
Jewellery
 a - a ring of see invisible (right hand)
 j - a ring of wizardry (left hand)
 m - a ring of resist corrosion
 r - an amulet of guardian spirit (around neck)
Wands
 y - a wand of roots (12)
 C - a wand of flame (11)
 E - a wand of acid (9)
Scrolls
 c - 2 scrolls of fear
 d - 2 scrolls of vulnerability
 f - 9 scrolls of identify
 g - a scroll of fog {unknown}
 h - 3 scrolls of teleportation {unknown}
 k - 3 scrolls of brand weapon {unknown}
 n - 3 scrolls of poison
 s - 3 scrolls of amnesia {unknown}
 u - 3 scrolls of noise {unknown}
 v - 2 scrolls of enchant armour {unknown}
 w - 2 scrolls of immolation {unknown}
 z - a scroll of butterflies {unknown}
 B - a scroll of enchant weapon {unknown}
 F - a scroll of silence {unknown}
Potions
 A - a potion of degeneration {unknown}
 D - 2 potions of curing


   Skills:
 + Level 8.8 Fighting
 + Level 5.6 Short Blades
 + Level 5.6 Long Blades
 + Level 5.6 Axes
 + Level 5.6 Maces & Flails
 + Level 5.6 Polearms
 + Level 5.6 Staves
 + Level 5.6 Ranged Weapons
 + Level 5.6 Throwing
 + Level 6.3 Armour
 + Level 5.6 Dodging
 + Level 5.6 Stealth
 + Level 5.6 Shields
 + Level 5.6 Unarmed Combat
 + Level 6.4 Spellcasting
 + Level 4.7 Conjurations
 + Level 8.6 Hexes
 + Level 4.7 Summonings
 + Level 4.7 Necromancy
 + Level 4.7 Translocations
 + Level 4.7 Fire Magic
 + Level 4.7 Ice Magic
 + Level 4.7 Air Magic
 + Level 4.7 Earth Magic
 + Level 4.7 Alchemy
 + Level 6.8 Invocations
 + Level 5.6 Evocations
 + Level 5.1 Shapeshifting


You had 19 spell levels left.
You knew the following spells:

 Your Spells              Type           Power      Damage    Failure   Level
a - Slow                  Hex            100%       N/A       1%          1
b - Foxfire               Conj/Fire      72%        2x1d7     3%          1

Your spell library contained the following spells:

 Spells                   Type           Power      Damage    Failure   Level
 Sandblast                Erth           36%        2d10      3%          1
 Summon Small Mammal      Summ           72%        N/A       3%          1
 Cigotuvi's Dreadful Rot  Necr/Alch/Air  36%        N/A       4%          2
 Inner Flame              Hex/Fire       24%        N/A       4%          3
 Call Canine Familiar     Summ           18%        N/A       9%          3
 Ozocubu's Armour         Ice            18%        N/A       9%          3
 Anguish                  Hex/Necr       12%        N/A       13%         4
 Dispel Undead            Necr           18%        3d11      28%         4
 Martyr's Knell           Necr/Summ      18%        N/A       28%         4
 Summon Blazeheart Golem  Fire/Summ      18%        N/A       28%         4
 Metabolic Englaciation   Hex/Ice        12%        N/A       34%         5
 Death Channel            Necr           9%         N/A       98%         6
 Sculpt Simulacrum        Ice/Alch       9%         N/A       98%         6


Dungeon Overview and Level Annotations

Branches:
Dungeon (8/15)             Temple (1/1) D:5            Lair (0/5) D:8

Altars:
Ashenzari
Cheibriados
Dithmenos
Elyvilon
Fedhas
Gozag
Hepliaklqana
Kikubaaqudgha
Makhleb
Nemelex Xobeh
Okawaru
Qazlal
Ru
Sif Muna
Trog
Uskayaw
Vehumet
Wu Jian
Zin
The Shining One


Innate Abilities, Weirdness & Mutations

You have very sharp teeth.
Your uncanny sense of smell can sniff out nearby items.
Your experience applies equally to all skills.
You have sharp toenails.
You passively map a small area around you.


Message History

The wyvern bites you.
* * * LOW HITPOINT WARNING * * *
The orc throws a stone.
The stone hits you but does no damage.
The orc priest miscasts a cantrip.
The orc priest attacks as it pursues you!
The orc priest hits you with a +0 hand axe.
* * * LOW HITPOINT WARNING * * *
The wyvern barely misses you.
Okay, then.
As you read the scroll labelled GEGEGG JUEGIO, it crumbles to dust.
It is a scroll of identify.
n - 3 scrolls of poison The wyvern bites you!
* * * LOW HITPOINT WARNING * * *
The wyvern bites you!
* * * LOW HITPOINT WARNING * * *
As you read the scroll of fear, it crumbles to dust.
You assume a fearsome visage.
The wyvern looks frightened!
The orc priest looks frightened!
The orc looks frightened! x2
The orc wizard looks frightened!
Okay, then.
It was a potion of invisibility.
You fade into invisibility!
The wyvern barely misses you.
The orc priest calls down the wrath of Beogh upon the wyvern.
The orc writhes in agony!
The orc dies!
The wyvern bites you but does no damage.
The orc priest mumbles some strange prayers to Beogh against you.
Pain shoots through your body!
* * * LOW HITPOINT WARNING * * *
The orc priest invokes the aid of Beogh against the wyvern.
The orc priest's attack snaps the wyvern out of its fear.
The wyvern struggles to resist.
The wyvern closely misses you. The wyvern barely misses you.
The wyvern barely misses you.
It was a potion of might.
You feel very mighty all of a sudden. The wyvern barely misses you.
The wyvern bites you.
You die...

..#....# ,, * #.#.# , *
#.#.#* , #.#.# * *##### *
#.#,# * , ...# * * #.#,*
** ####..######### ..#
####..#.......... ,,,,
### * #.....#......... ,
## ***.##.....#.@.......
, .# * ........#k########
* .########..#..#o# #.#
...#...#......o.# #.#
.........#.#..#.## #÷#
....♣............# #.#
.........#.#....## #.#
.....o##.........# #.#
.........#...#.######.###


You could see a wyvern (unable to see you) and 2 orc priests.

Vanquished Creatures
  Joseph (D:7)
  Jeremiah (D:6)
  A hornet (D:8)
  13 yaks (D:8)
  A wraith (D:7)
  3 wyverns (D:8)
  Menkaure (D:5)
  An ice beast (D:5)
  A black bear (D:6)
  An ogre (D:5)
  A kobold brigand (D:7)
  A phantom (D:7)
  A bullfrog (D:7)
  A gnoll sergeant (D:5)
  4 scorpions
  2 howler monkeys (D:8)
  4 jellies
  4 bombardier beetles
  4 hounds
  An orc priest (D:3)
  Jessica (D:2)
  A gnoll bouda (D:6)
  6 iguanas
  6 orc wizards
  14 gnolls
  4 adders
  A white imp (D:8)
  2 dart slugs
  2 ribbon worms
  25 orcs
  9 ball pythons
  7 endoplasms
  6 giant cockroaches
  9 goblins
  5 hobgoblins
  13 kobolds
  4 quokkas
  3 bats (D:1)
  3 frilled lizards
  7 rats
175 creatures vanquished.

Vanquished Creatures (others)
  An orc wizard (D:5)
  An orc (D:8)
  71 foxfires
73 creatures vanquished.

Grand Total: 248 creatures vanquished

Notes
Turn   | Place    | Note
-------+----------+-------------------------------------------
     0 | D:1      | zazu2006 the Gnoll Wanderer began the quest for the Orb.
     0 | D:1      | zazu2006 set off with the following items: a +0 club, a +0
                  | scale mail, a scroll of fear, a scroll of vulnerability;
                  | and the following spell memorised: Slow; and the following
                  | spells available to memorise: Inner Flame, Anguish.
     0 | D:1      | Reached XP level 1. HP: 23/23 MP: 4/4
   169 | D:1      | Reached XP level 2. HP: 29/29 MP: 5/5
   409 | D:2      | Reached XP level 3. HP: 35/35 MP: 7/7
   735 | D:2      | Reached skill level 1 in Short Blades
   735 | D:2      | Reached skill level 1 in Long Blades
   735 | D:2      | Reached skill level 1 in Axes
   735 | D:2      | Reached skill level 1 in Maces & Flails
   735 | D:2      | Reached skill level 1 in Polearms
   735 | D:2      | Reached skill level 1 in Staves
   735 | D:2      | Reached skill level 1 in Ranged Weapons
   735 | D:2      | Reached skill level 1 in Throwing
   735 | D:2      | Reached skill level 1 in Dodging
   735 | D:2      | Reached skill level 1 in Stealth
   735 | D:2      | Reached skill level 1 in Shields
   735 | D:2      | Reached skill level 1 in Unarmed Combat
   735 | D:2      | Reached skill level 1 in Evocations
   769 | D:2      | Found a faded altar of an unknown god.
   810 | D:2      | Noticed Jessica
   822 | D:2      | Killed Jessica
   823 | D:2      | Reached skill level 1 in Shapeshifting
   823 | D:2      | Reached XP level 4. HP: 16/41 MP: 8/8
   842 | D:2      | Reached skill level 1 in Conjurations
   842 | D:2      | Reached skill level 1 in Summonings
   842 | D:2      | Reached skill level 1 in Necromancy
   842 | D:2      | Reached skill level 1 in Translocations
   842 | D:2      | Reached skill level 1 in Fire Magic
   842 | D:2      | Reached skill level 1 in Ice Magic
   842 | D:2      | Reached skill level 1 in Air Magic
   842 | D:2      | Reached skill level 1 in Earth Magic
   842 | D:2      | Reached skill level 1 in Alchemy
  1912 | D:3      | Found a glowing golden altar of the Shining One.
  1914 | D:3      | Found a burning altar of Makhleb.
  1956 | D:3      | Reached XP level 5. HP: 47/47 MP: 9/9
  2818 | D:4      | Reached XP level 6. HP: 42/53 MP: 9/11
  3224 | D:4      | Reached XP level 7. HP: 30/60 MP: 9/12
  3938 | D:5      | Entered Level 5 of the Dungeon
  3958 | D:5      | Gained mutation: You have sharp toenails. [potion of
                  | mutation]
  3958 | D:5      | Gained mutation: You passively map a small area around you.
                  | [potion of mutation]
  3965 | D:5      | HP: 6/135 [poisoned by an orc wizard]
  3970 | D:5      | HP: 5/135 [poisoned by an orc wizard]
  4019 | D:5      | Noticed Menkaure
  4024 | D:5      | Killed Menkaure
  4188 | D:5      | Found a staircase to the Ecumenical Temple.
  4199 | Temple   | Entered the Ecumenical Temple
  4208 | Temple   | Became a worshipper of Vehumet
  4708 | D:5      | Reached XP level 8. HP: 12/67 MP: 1/14
  4710 | D:5      | HP: 1/67 [gnoll/+1 flail of holy wrath (13)]
  5788 | D:6      | Reached * piety under Vehumet
  5788 | D:6      | Offered knowledge of Foxfire by Vehumet.
  5795 | D:6      | Learned a level 1 spell: Foxfire
  6058 | D:6      | Noticed Jeremiah
  6092 | D:6      | Killed Jeremiah
  6093 | D:6      | Reached skill level 5 in Invocations
  6093 | D:6      | Reached XP level 9. HP: 28/73 MP: 5/16
  7109 | D:7      | Reached skill level 5 in Spellcasting
  7193 | D:7      | Reached skill level 5 in Armour
  7617 | D:7      | Noticed Joseph
  7644 | D:7      | Killed Joseph
  8256 | D:8      | Noticed a hornet
  8272 | D:8      | Killed a hornet
  8520 | D:8      | Reached skill level 5 in Short Blades
  8520 | D:8      | Reached skill level 5 in Long Blades
  8520 | D:8      | Reached skill level 5 in Axes
  8520 | D:8      | Reached skill level 5 in Maces & Flails
  8520 | D:8      | Reached skill level 5 in Polearms
  8520 | D:8      | Reached skill level 5 in Staves
  8520 | D:8      | Reached skill level 5 in Ranged Weapons
  8520 | D:8      | Reached skill level 5 in Throwing
  8520 | D:8      | Reached skill level 5 in Dodging
  8520 | D:8      | Reached skill level 5 in Stealth
  8520 | D:8      | Reached skill level 5 in Shields
  8520 | D:8      | Reached skill level 5 in Unarmed Combat
  8520 | D:8      | Reached skill level 5 in Evocations
  8520 | D:8      | Reached XP level 10. HP: 53/81 MP: 12/18
  8884 | D:8      | Found a staircase to the Lair.
  9055 | D:8      | Reached skill level 5 in Shapeshifting
  9161 | D:8      | Offered knowledge of Sandblast by Vehumet.
  9175 | D:8      | Reached ** piety under Vehumet
  9604 | D:8      | HP: 1/82 [orc priest/nerve-wracking pain (9)]
  9613 | D:8      | Slain by a wyvern

Illustrated notes

Levels and vault maps discovered:
D:1:      nicolae_arrival_washed_ashore, layout_loops_ring,
          minmay_tree_intersection, minivault_24,
          nicolae_kite_square_tiling_tiny
D:2:      layout_basic, shapermc_ecumenical_altar_mp_urbaneastern,
          serial_park_tiny_pond, uniq_jessica
D:3:      layout_loops_cross, minitemple, grunt_decor_cap,
          kennysheep_generic_room_6
D:4:      layout_cave_pools
D:5:      minmay_octagon_keep, layout_loops_ring, minmay_temple_entry_waves,
          kennysheep_big_empty_room, uniq_menkaure
D:6:      layout_layer_cave, uniq_jeremiah
D:7:      layout_loops_ring, uniq_joseph
D:8:      layout_basic, minmay_lair_entry_grove, serial_co_window_serial,
          co_window_corner_a, co_window_paths_b, co_window_paths_b,
          co_window_paths_a, co_window_corner_a, co_window_broadway_a,
          co_window_broadway_c, co_window_corner_ca, co_window_corner_cb,
          co_window_4corner_a, glass_columns_a, glass_columns_a,
          glass_columns_a, minmay_misc_feat_alley
Temple:   regret_index_temple_mists

Skill      XL: |  1  2  3  4  5  6  7  8  9 10 |
---------------+-------------------------------+-----
Short Blades   | 1 2 3 5 |  5.6
Long Blades    | 1 2 3 5 |  5.6
Axes           | 1 2 3 5 |  5.6
Maces & Flails | 1 2 3 5 |  5.6
Polearms       | 1 2 3 5 |  5.6
Staves         | 1 2 3 5 |  5.6
Ranged Weapons | 1 2 3 5 |  5.6
Throwing       | 1 2 3 5 |  5.6
Dodging        | 1 2 3 5 |  5.6
Stealth        | 1 2 3 5 |  5.6
Shields        | 1 2 3 5 |  5.6
Unarmed Combat | 1 2 3 5 |  5.6
Evocations     | 1 2 3 5 |  5.6
Spellcasting   | 3 4 5 6 |  6.4
Shapeshifting  | 1 2 3 4 5 |  5.1
Conjurations   | 1 2 3 4 |  4.7
Summonings     | 1 2 3 4 |  4.7
Necromancy     | 1 2 3 4 |  4.7
Translocations | 1 2 3 4 |  4.7
Fire Magic     | 1 2 3 4 |  4.7
Ice Magic      | 1 2 3 4 |  4.7
Air Magic      | 1 2 3 4 |  4.7
Earth Magic    | 1 2 3 4 |  4.7
Alchemy        | 1 2 3 4 |  4.7
Invocations    | 3 4 5 6 |  6.8
Armour         | 3 4 5 6 |  6.3
Fighting       | 7 8 |  8.8
Hexes          | 8 |  8.6

Action                     |  1- 3 |  4- 6 |  7- 9 | 10-12 || total
---------------------------+-------+-------+-------+-------++-------
  Melee: Club              |    57 |       |       |       ||    57
         Punch             |     3 |     2 |     8 |     5 ||    18
         Dagger            |    69 |   246 |   346 |   115 ||   776
         Bite              |    12 |    27 |    41 |    23 ||   103
         Kick              |       |       |   108 |    49 ||   157
  Throw: Dart              |       |    10 |    16 |     1 ||    27
   Cast: Slow              |       |    21 |    28 |    11 ||    60
         Foxfire           |       |       |    39 |    10 ||    49
  Evoke: Wand              |       |    10 |    16 |     2 ||    28
    Use: Potion            |       |       |     7 |     2 ||     9
         Scroll            |       |       |       |     2 ||     2
 Armour: Scale mail        |   113 |   194 |   214 |    71 ||   592
         Skin              |       |       |     5 |       ||     5
  Dodge: Dodged            |    64 |    87 |   145 |    36 ||   332
